 Dungeon Crawl Stone Soup version 0.14-a0-2986-gd1872aa (console) character file.

64 Garrluk the Digger (level 2, 0/19 HPs)
             Began as a Demonspawn Earth Elementalist on Mar 6, 2014.
             Slain by a giant gecko (3 damage)
             ... on Level 2 of the Dungeon.
             The game lasted 00:04:31 (1025 turns).

Garrluk the Digger (Demonspawn Earth Elementalist)  Turns: 1025, Time: 00:04:31

HP   0/19        AC  2     Str  8      XL: 2   Next: 48%
MP   1/4         EV 12     Int 16      God:
Gold 46          SH  0     Dex 13      Spells:  1 memorised,  4 levels left

rFire  . . .     SeeInvis .     m - +2,+1 whip (freeze)
rCold  . . .     Clarity  .     c - +0 robe
rNeg   . . .     Conserve .     (no shield)
rPois  .         rCorr    .     (no helmet)
rElec  .         rRot     .     (no cloak)
SustAb . .       Spirit   .     (no gloves)
rMut   .         Warding  .     (no boots)
Gourm  +         Stasis   .     j - amulet of the gourmand
MR     .....                    (no ring)
                                (no ring)

@: not resistant to hostile enchantments, fairly stealthy
A: powered by death 1
a: no special abilities


You were on level 2 of the Dungeon.
You were hungry.

You visited 1 branch of the dungeon, and saw 2 of its levels.

You collected 46 gold pieces.

Notes
Turn   | Place    | Note
--------------------------------------------------------------
     0 | D:1      | Garrluk, the Demonspawn Earth Elementalist, began the quest for the Orb.
     0 | D:1      | Reached XP level 1. HP: 13/13 MP: 3/3
   334 | D:1      | Reached skill level 3 in Earth Magic
   501 | D:1      | Gained mutation: You can steal the life force of nearby defeated enemies. [demonic ancestry]
   501 | D:1      | Reached XP level 2. HP: 10/19 MP: 1/4
  1025 | D:2      | Slain by a giant gecko

Inventory:

Hand weapons
 m - a +2,+1 whip of freezing (weapon)
   (You took it off a kobold on level 1 of the Dungeon)
Missiles
 b - 20 stones (quivered)
Armour
 c - a +0 robe (worn)
Comestibles
 a - a bread ration
Scrolls
 e - a scroll of recharging {unknown}
 h - a scroll of enchant armour {unknown}
 i - a scroll of amnesia {unknown}
 l - 2 scrolls of identify
Jewellery
 j - an amulet of the gourmand (around neck)
   (You found it on level 1 of the Dungeon)
Potions
 f - a potion of beneficial mutation {unknown}
 g - a potion of brilliance {unknown}
 k - a potion of heal wounds {unknown}
 n - 2 potions of curing {unknown}
Books
 d - a book of Geomancy

   Spells                             Type                      Level
   *Sandblast                         Earth                        1
   Stoneskin                          Transmutation/Earth          2
   Passwall                           Transmutation/Earth          3
   Stone Arrow                        Conjuration/Earth            3
   Petrify                            Transmutation/Earth          4
   Lee's Rapid Deconstruction         Earth                        5

Table legend:
 A = Turns spent in this place as a percentage of turns spent in the entire game.
 B = Non-inter-level travel turns spent in this place as a percentage of non-inter-level travel turns spent in the entire game.
 C = Inter-level travel turns spent in this place as a percentage of turns spent in this place.
 D = Turns resting spent in this place as a percentage of non-inter-level travel turns spent in this place.
 E = Turns spent auto-exploring this place as a percentage of non-inter-level travel turns spent in this place.
 F = Non-inter-level travel turns spent in this place divided by the number of levels of this place that you've seen.
                   A       B       C       D       E      F
               +-------+-------+-------+-------+-------+----------------------
         Total | 100.0 | 100.0 |   0.4 |   9.1 |   9.5 | 137.5
       Dungeon | 100.0 | 100.0 |   0.4 |   9.1 |   9.5 | 137.5
               +-------+-------+-------+-------+-------+----------------------


   Skills:
 - Level 1.7 Dodging
 - Level 1.7 Stealth
 + Level 2.1 Spellcasting
   Level 0.8 Transmutations
 * Level 3.3 Earth Magic


You had 4 spell levels left.
You knew the following spells:

 Your Spells              Type           Power        Failure   Level  Hunger
a - Sandblast             Erth           ##....       8%          1    #......


Dungeon Overview and Level Annotations

Branches:
Dungeon (2/16)

Altars:


Innate Abilities, Weirdness & Mutations

You can steal the life force of nearby defeated enemies.


Message History

You miss the giant gecko.
The giant gecko is heavily wounded.
The giant gecko bites you.
* * * LOW HITPOINT WARNING * * *
Casting: Sandblast
Confirm with . or Enter, or press ? or * to list all spells.
Aiming: Sandblast
Press: ? - help, Shift-Dir - straight line, f/p - giant gecko
Aim: a giant gecko (heavily wounded, clinging)
The blast of sand hits the giant gecko.
The giant gecko is almost dead.
The giant gecko bites you.
* * * LOW HITPOINT WARNING * * *
The giant gecko misses you.
There is an open door here.
The giant gecko barely misses you.
You hit the giant gecko but do no damage.
The giant gecko is almost dead.
The giant gecko bites you.
You die...

. .. .# .#
##+##### .#
#......# .#
#......#####.#
#@l....'...#.#
#......###...#
+......# ###.+
#......# .#
#......# .#
###'#### .#
##.# .# #..#
#.#
###'#######
#.#
#.........#
#.#####
#.........#
..(...


You could see a giant gecko.

Table legend:
 A = Kills in this place as a percentage of kills in entire the game.
 B = Kills by you in this place as a percentage of kills by you in the entire game.
 C = Kills by friends in this place as a percentage of kills by friends in the entire game.
 D = Other kills in this place as a percentage of other kills in the entire game.
 E = Experience gained in this place as a percentage of experience gained in the entire game.
 F = Experience gained in this place divided by the number of levels of this place that you have seen.
                   A       B       C       D       E      F
               +-------+-------+-------+-------+-------+----------------------
         Total | 100.0 | 100.0 |  -nan |  -nan | 100.0 |  13.0
       Dungeon | 100.0 | 100.0 |  -nan |  -nan | 100.0 |  13.0
               +-------+-------+-------+-------+-------+----------------------

Vanquished Creatures
  Monster Symbol All 'K'
  5 kobolds (D:1)
5 creatures vanquished. All 'S' A ball python (D:1)
1 creature vanquished. All 'b' 2 bats (D:1)
2 creatures vanquished. All 'g' 2 hobgoblins (D:1) 2 goblins (D:1)
4 creatures vanquished. All 'l' A giant gecko (D:1)
1 creature vanquished. All 'r' 2 rats (D:1)
2 creatures vanquished. All 's' 3 giant cockroaches
3 creatures vanquished.
18 creatures vanquished. Monster Nature Natural Monsters A giant gecko (D:1) 2 bats (D:1) 3 giant cockroaches 2 hobgoblins (D:1) A ball python (D:1) 2 goblins (D:1) 5 kobolds (D:1) 2 rats (D:1)
18 creatures vanquished.
18 creatures vanquished. Ascending Order A giant gecko (D:1) A ball python (D:1) 2 hobgoblins (D:1) 2 bats (D:1) 2 rats (D:1) 2 goblins (D:1) 3 giant cockroaches 5 kobolds (D:1)
18 creatures vanquished.

Action                   || total
-------------------------++-------
Melee: Unarmed           ||     9
       Dagger            ||    17
       Whip              ||     8
 Cast: Sandblast         ||    31
  Use: Scroll            ||     1
